Cool Beans, neutral female gnomish Healer ----- |.<.| |.._| ----- |...| |...| |....# #######-....# -.---# |...| ## # |...| # # |....########` # ### -.---# # # ######`#### # ### # -.----################# |.....######## --.-# |....|### # ......|# |....+# ##....^..|# ------ |@*f... # ---- # Cool Beans the Rhizotomist Experience level: 1 Strength: 7 Dexterity: 8 Constitution: 15 Intelligence: 13 Wisdom: 15 Charisma: 17 Health: 0(9) Energy: 5(5) Def: 3 Gold: 2039 Moves: 767 Dungeon seed: Yb549JfWZ1NPJIx7 Game ID: Cool Beans_1512495962 Your Inventory: Coins $ - 2039 gold pieces Weapons a - an uncursed +0 scalpel (alternate weapon; not wielded) p - an uncursed +2 aklys (weapon in hand) s - an uncursed +0 orcish dagger u - 10 uncursed +0 darts Armor e - an uncursed +1 pair of leather gloves (being worn) y - an uncursed +0 elven leather helm (being worn) Comestibles k - 5 blessed eucalyptus leaves l - 3 blessed sprigs of wolfsbane m - 2 blessed cloves of garlic o - 5 uncursed apples t - an uncursed food ration Spellbooks h - a blessed spellbook of healing Potions c - a blessed potion of healing d - 3 uncursed potions of healing f - 4 uncursed potions of extra healing r - a blessed potion of sleeping Wands g - an uncursed wand of sleep (0:6) v - an uncursed wand of create monster (0:11) Tools b - an uncursed stethoscope q - an uncursed lock pick w - an uncursed lock pick A - an uncursed skeleton key Gems n - an uncursed worthless piece of violet glass z - an uncursed worthless piece of yellowish brown glass Spells and supernatural/magical abilities: Name Level Category Fail Memory h - healing 1 healing 0% 97% x - extra healing 3 healing 76% 97% S - stone to flesh 3 healing 83% 97% W - pray for help -- divine ? -- Your skills at the end: Miscellaneous Skills wands [Basic] Weapon Skills knife [Basic] crossbow [Basic] Spellcasting Skills healing spells [Basic] Final Attributes: You were devoutly aligned. You were poison resistant. You had infravision. You were very stealthy. You were lucky. You are dead. Vanquished creatures: 7 jackals 2 kobolds 6 newts a goblin 4 grid bugs 4 lichens a kobold zombie 25 creatures vanquished. Voluntary challenges: You followed a strict vegan diet. You did not adorn yourself with jewelry or accessories. You did not cause conflict. You were not invisible. You did not have reflection. You were not displaced. You used a wielded weapon 11 times, starting on turn 42. You did not apply a unicorn horn. You did not use plumbed fixtures. You did not drink any magical draughts. You were illiterate. You never genocided any monsters. You never polymorphed an object. You never changed form. You used no wishes. You never split a pudding. You never wrote Elbereth's name. You never violated your personal moral code. Dungeon overview: The Dungeons of Doom: levels 1 to 2 Level 1 some fountains a long staircase Level 2 <- You were here an altar to Hermes portal to Advent Calendar Advent Calendar: Level 1 many trees portal to The Dungeons of Doom History has recorded: On T:1 you entered the Dungeons of Doom to retrieve the Amulet of Yendor! On T:586 you reached level 2 of The Dungeons of Doom. On T:753 you reached level 1 of Advent Calendar. Score breakdown: Gold: 383 ( 38 points) Experience: 1 level ( 0 points) Exploration: 2 levels ( 30 points) Discoveries: 7 items ( 350 points) Variety of kills: 7 monsters ( 350 points) Major goal: (nothing yet) ( 0 points) Survival: died (score multiplied by 3) Total score: 2304 Latest messages: You activated a magic portal! You feel dizzy for a moment, but the sensation passes. You activated a magic portal! You feel dizzy for a moment, but the sensation passes. $ - 22 gold pieces. You activated a magic portal! You feel dizzy for a moment, but the sensation passes. You activated a magic portal! You feel dizzy for a moment, but the sensation passes. You see here 6 rocks. You see here a large box. You succeed in unlocking the box. You trigger a trap! A tower of flame bursts from the large box! You stop picking the lock. Your spellbook of extra healing catches fire and burns! Your spellbook of stone to flesh catches fire and burns! You die... Final status: Goodbye Cool Beans the Healer, killed by a burning book... You died in The Dungeons of Doom on dungeon level 2 with 2304 points, and 2039 pieces of gold, after 767 moves. You were level 1 with a maximum of 9 hit points when you died.